 Dungeon Crawl Stone Soup version 0.17-a0-2171-ga91b4ec (webtiles) character file.

2845 M4edhros the Covert (level 9, -1/54 HPs)
             Began as an Octopode Artificer on Oct 25, 2015.
             Was an Initiate of Gozag.
             Slain by M4edhros's ghost (14 damage)
             ... on level 7 of the Dungeon.
             The game lasted 00:11:44 (6930 turns).

M4edhros the Covert (Octopode Artificer)            Turns: 6930, Time: 00:11:45

Health: -1/54      AC:  1    Str:  9    XL:     9   Next: 74%
Magic:  13/13      EV: 10    Int: 18    God:    Gozag
Gold:   504        SH:  4    Dex: 15    Spells: 0 memorised, 8 levels left

rFire  . . .     SeeInvis .     h - +1 dagger (elec)
rCold  . . .     Rnd*Rage +     s - +0 buckler
rNeg   . . .     SustAt   .     (helmet restricted)
rPois  +         Gourm    .     (no amulet)
rElec  .         Spirit   .     w - ring of fire
rCorr  .         Warding  .     l - ring of ice
rMut   .         Stasis   .     m - ring of stealth
MR     .....                    (no ring)
Stlth  +++++++...               (no ring)
                                (no ring)
                                (no ring)
                                (no ring)

@: not resistant to hostile enchantments, extremely stealthy
A: almost no armour, amphibious, 8 rings, constrict 8, tentacle spike 1,
camouflage 1, berserk 1, clever 2, low mp 1, poison resistance, weak 1, wild
magic 1, gelatinous body 1, no device heal 1
a: Potion Petition, Call Merchant, Bribe Branch, Renounce Religion


You were on level 7 of the Dungeon.
You worshipped Gozag.
Gozag was noncommittal.
You were near starving.

You visited 2 branches of the dungeon, and saw 8 of its levels.

You collected 603 gold pieces.
You paid 99 gold pieces to Gozag.

Inventory:

Hand Weapons
 a - a +0 short sword
 h - a +1 dagger of electrocution (weapon)
Missiles
 t - 105 sling bullets
Armour
 s - a +0 buckler (worn)
Jewellery
 l - a ring of ice (right tentacle)
 m - a ring of stealth (on tentacle)
 w - a ring of fire (left tentacle)
Wands
 b - a wand of flame (0)
 c - a wand of enslavement (21)
 d - a wand of random effects (0)
 n - a wand of slowing (26)
 r - a wand of frost (28)
 y - a wand of digging (10)
Scrolls
 g - 8 scrolls of remove curse
 o - a scroll of fog
 p - a scroll of recharging
 q - a scroll of blinking
 u - 2 scrolls of amnesia
 x - a scroll of enchant weapon
Potions
 z - a potion of curing
Books
 i - a book of Battle

   Spells                             Type                      Level
   a - Infusion                       Charms                       1
   b - Shroud of Golubria             Charms/Translocation         2
   c - Song of Slaying                Charms                       2
   d - Spectral Weapon                Hexes/Charms                 3
   e - Regeneration                   Charms/Necromancy            3
 v - a book of Annihilations

   Spells                             Type                      Level
   a - Poison Arrow                   Conjuration/Poison           6
   b - Chain Lightning                Conjuration/Air              8
   c - Lehudib's Crystal Spear        Conjuration/Earth            8
   d - Glaciate                       Conjuration/Ice              9
   e - Fire Storm                     Conjuration/Fire             9
Comestibles
 e - 4 bread rations
 f - 6 fruits
 j - a royal jelly
 k - 4 meat rations


   Skills:
 + Level 2.1 Fighting
 - Level 5.3 Short Blades
 + Level 5.9 Dodging
 * Level 11.3 Stealth
 * Level 2.4 Shields
 + Level 7.3 Evocations


You had 8 spell levels left.
You didn't know any spells.

Dungeon Overview and Level Annotations

Branches:
Dungeon (7/15)             Temple (1/1) D:7

Altars:
Ashenzari
Cheibriados
Dithmenos
Elyvilon
Fedhas
Gozag
Kikubaaqudgha
Makhleb
Nemelex Xobeh
Qazlal
Ru
Sif Muna
Trog
Vehumet
Xom
Yredelemnul
Zin
The Shining One

Annotations:
D:7 M4edhros's ghost, novice OpAr


Innate Abilities, Weirdness & Mutations

You cannot wear most types of armour.
You are amphibious.
You can wear up to eight rings at the same time.
You can use your tentacles to constrict eight enemies at once.
Your skin changes colour to match your surroundings (Stealth).
Your rubbery body absorbs attacks (AC +1).
One of your tentacles bears a spike.
You tend to lose your temper in combat.
Your mind is very acute. (Int +4)
Your magical capacity is low (-10% MP).
Your system is resistant to poisons.
You are weak. (Str -2)
Your spells are a little harder to cast, but a little more powerful.
Potions and wands are less effective at restoring your health.


Message History

M4edhros's ghost is moderately damaged.
You closely miss M4edhros's ghost.
M4edhros's ghost is moderately damaged.
M4edhros's ghost hits you.
You miss M4edhros's ghost.
You pierce M4edhros's ghost, but do no damage.
Your squeeze misses M4edhros's ghost.
M4edhros's ghost is moderately damaged.
M4edhros's ghost hits you.
You miss M4edhros's ghost.
M4edhros's ghost is moderately damaged.
M4edhros's ghost hits you.
You are electrocuted!
* * * LOW HITPOINT WARNING * * *
You are too injured to fight recklessly!
There is a stone staircase leading up here.
M4edhros's ghost hits you.
* * * LOW HITPOINT WARNING * * *
You are electrocuted!
You die...
Your body crumbles into a pile of gold.

.....#.#..)....###,,,..,*********
######.#.###.#.....,...,+,,,,,,,,
#........###.#.####...,,*********
######.#..##..........,,,,,,,,,,,
###..##.....################
#...#.....##..............
#[#.#.....##.############# *
#.#......W##.# * #.##.....@'..# *
#.##......#### * #.###.....#
############# * #.........#
#............ * #####...###
#.###########
***######......######.###
,,,.......##...##.......#
***#...........##.......# #
#.#######...##.......#


You could see M4edhros's ghost.

Vanquished Creatures
  Prince Ribbit (D:6)
  Sigmund (D:6)
  A deep elf mage (D:6)
  Edmund (D:6)
  A hippogriff (D:6)
  A water moccasin (D:6)
  3 sky beasts
  Duvessa (D:6)
  An orc warrior (D:7)
  2 ice beasts
  3 ogres
  2 giant frogs (D:6)
  Dowan (D:6)
  A crimson imp (D:5)
  A gnoll shaman (D:4)
  2 giant frog zombies
  3 orc priests
  A giant frog skeleton (D:6)
  3 hounds
  9 orc wizards
  4 worker ants
  Robin (D:2)
  6 adders
  4 gnolls (D:6)
  3 shadow imps
  An ooze (D:2)
  A worm (D:2)
  3 giant geckos
  19 orcs
  5 giant cockroaches
  8 hobgoblins
  8 jackals
  3 quokkas
  2 ball pythons
  9 bats
  3 giant newts
  18 goblins
  9 kobolds
  5 rats
151 creatures vanquished.

Vanquished Creatures (collateral kills)
  An adder (D:6)
  A shadow imp (D:6)
2 creatures vanquished.

Grand Total: 153 creatures vanquished

Notes
Turn   | Place    | Note
--------------------------------------------------------------
     0 | D:1      | M4edhros the Octopode Artificer began the quest for the Orb.
     0 | D:1      | Reached XP level 1. HP: 13/13 MP: 3/3
   302 | D:1      | Reached XP level 2. HP: 12/18 MP: 4/4
   915 | D:2      | Reached XP level 3. HP: 19/23 MP: 5/5
   951 | D:2      | Noticed Robin
  1268 | D:2      | Killed Robin
  1552 | D:3      | Reached skill level 4 in Evocations
  1552 | D:3      | Reached XP level 4. HP: 23/28 MP: 5/7
  2359 | D:5      | Entered Level 5 of the Dungeon
  2386 | D:5      | Reached XP level 5. HP: 33/33 MP: 8/8
  2427 | D:5      | Noticed a sky beast
  2721 | D:5      | Killed a sky beast
  2721 | D:5      | Reached skill level 5 in Stealth
  2721 | D:5      | Reached XP level 6. HP: 28/38 MP: 9/9
  2727 | D:5      | Gained mutation: Potions and wands are less effective at restoring your health. [mutagenic meat]
  2728 | D:5      | Gained mutation: You have supernaturally acute eyesight. [mutagenic meat]
  2729 | D:5      | Gained mutation: Your system is resistant to poisons. [mutagenic meat]
  2843 | D:5      | Gained mutation: Your spells are a little harder to cast, but a little more powerful. [potion of mutation]
  2843 | D:5      | Gained mutation: Your magical capacity is low (-10% MP). [potion of mutation]
  2843 | D:5      | Gained mutation: One of your tentacles bears a spike. [potion of mutation]
  3029 | D:5      | Reached skill level 6 in Stealth
  3303 | D:5      | Noticed an ice beast
  3319 | D:5      | Killed an ice beast
  3319 | D:5      | Reached skill level 5 in Evocations
  3319 | D:5      | Reached XP level 7. HP: 43/43 MP: 9/9
  3355 | D:6      | Noticed a deep elf mage
  3362 | D:6      | Killed a deep elf mage
  3362 | D:6      | Reached skill level 7 in Stealth
  3391 | D:6      | Noticed a hippogriff
  3643 | D:6      | Noticed Prince Ribbit
  3647 | D:6      | Noticed Dowan
  3649 | D:6      | Noticed Duvessa
  3649 | D:6      | Reached XP level 8. HP: 35/48 MP: 9/10
  3668 | D:6      | Killed Duvessa
  3668 | D:6      | Reached skill level 8 in Stealth
  3672 | D:6      | Killed Dowan
  3894 | D:6      | Gained mutation: Your mind is acute. (Int +2) [mutagenic meat]
  3895 | D:6      | Lost mutation: You have supernaturally acute eyesight. [mutagenic meat]
  3896 | D:6      | Gained mutation: You are weak. (Str -2) [mutagenic meat]
  3897 | D:6      | Gained mutation: You tend to lose your temper in combat. [mutagenic meat]
  3898 | D:6      | Gained mutation: Your mind is very acute. (Int +4) [mutagenic meat]
  4439 | D:6      | Killed Prince Ribbit
  4439 | D:6      | Reached skill level 9 in Stealth
  4468 | D:6      | Reached skill level 5 in Dodging
  4489 | D:7      | Noticed M4edhros's ghost (novice OpAr)
  4497 | D:7      | Reached XP level 9. HP: 43/53 MP: 12/12
  4535 | D:7      | Found a sacrificial altar of Ru.
  4547 | D:7      | Reached skill level 5 in Short Blades
  4561 | D:7      | Reached skill level 10 in Stealth
  4893 | D:7      | Found a staircase to the Ecumenical Temple.
  4913 | Temple   | Entered the Ecumenical Temple
  4937 | Temple   | Became a worshipper of Xom of Chaos
  4946 | Temple   | Fell from the grace of Xom
  4946 | Temple   | Became a worshipper of Gozag Ym Sagoz the Greedy
  5171 | D:6      | Killed a hippogriff
  5187 | D:6      | XOM: medium Ice miscast
  5353 | D:3      | Found a blossoming altar of Fedhas.
  5353 | D:3      | Found a burning altar of Makhleb.
  6463 | D:4      | Reached skill level 1 in Shields
  6502 | D:4      | XOM: medium Hex miscast
  6625 | D:6      | Reached skill level 11 in Stealth
  6747 | D:6      | Noticed Edmund
  6750 | D:6      | Noticed Sigmund
  6760 | D:6      | Killed Edmund
  6764 | D:6      | Killed Sigmund
  6930 | D:7      | Slain by M4edhros's ghost

Vault maps used:
D:1:      minmay_arrival_loop
D:2:      uniq_robin
D:3:      gammafunk_temple_overflow_wave, first_bread
D:4:      fountainhead, minmay_misc_feat_rows, minmay_surrounded
D:6:      sigmund_edmund_badplayer, uniq_prince_ribbit1, uniq_duvessa
D:7:      minmay_temple_entry_hall, grunt_ogre_cave,
          nicolae_ru_great_annihilating_truth
Temple:   lightli_temple_of_artemis

Action                   |  1- 3 |  4- 6 |  7- 9 || total
-------------------------+-------+-------+-------++-------
Melee: Short sword       |    15 |       |       ||    15
       Dagger            |    59 |    64 |   192 ||   315
Evoke: Wand              |       |    10 |    23 ||    33
  Use: Potion            |     1 |     3 |     2 ||     6
       Scroll            |       |     7 |     4 ||    11
 Stab: Sleeping          |    11 |     7 |    28 ||    46
       Distracted        |     1 |       |     3 ||     4
       Paralysed         |       |       |     1 ||     1
  Eat: Chunk             |     1 |     9 |    10 ||    20
       Beef jerky        |       |       |     1 ||     1
       Meat ration       |       |       |     1 ||     1
       Pizza             |       |       |     1 ||     1
